 Dungeon Crawl Stone Soup version 0.24-a0-137-gd96d3d62bd (webtiles) character file.

Game seed: 14437774192338019616

1757 Morbidden the Thaumaturge (level 8, -7/43 HPs)
             Began as a Deep Elf Wizard on Mar 1, 2019.
             Was a Priest of Okawaru.
             Mangled by an ogre
             ... wielding a +0 giant spiked club
              (25 damage)
             ... on level 6 of the Dungeon.
             The game lasted 00:25:11 (7231 turns).

Morbidden the Thaumaturge (Deep Elf Wizard)         Turns: 7231, Time: 00:25:12

Health: -7/43      AC:  8    Str:  4    XL:     8   Next: 79%
Magic:  18/23      EV: 13    Int: 26    God:    Okawaru [***...]
Gold:   276        SH:  5    Dex: 13    Spells: 22/25 levels left

rFire    + . .     SeeInvis +   g - +1 dagger (venom)
rCold    . . .     Gourm    .   h - +1 buckler
rNeg     . . .     Faith    .   C - +2 robe {rF+}
rPois    .         Spirit   .   k - +0 helmet
rElec    .         Reflect  .   (no cloak)
rCorr    .         Harm     .   o - +2 pair of gloves
MR       .....                  (no boots)
Stlth    ++++......             (no amulet)
HPRegen  0.14/turn              i - ring of see invisible
MPRegen  0.18/turn              w - ring of stealth

@: no status effects
A: no striking features
a: Heroism, Renounce Religion


You were on level 6 of the Dungeon.
You worshipped Okawaru.
Okawaru was most pleased with you.
You were near starving.

You visited 1 branch of the dungeon, and saw 6 of its levels.
You also visited: Sewer and Ossuary.

You collected 276 gold pieces.

Inventory:

Hand Weapons
 g - a +1 dagger of venom (weapon)
Armour
 h - a +1 buckler (worn)
 k - a +0 helmet (worn)
 o - a +2 pair of gloves (worn)
 C - a +2 robe of fire resistance (worn)
Jewellery
 i - a ring of see invisible (left hand)
 w - a ring of stealth (right hand)
Wands
 y - a wand of flame (8)
Scrolls
 m - a scroll of fog {unknown}
 p - a scroll of amnesia {unknown}
 q - a scroll of enchant armour
 s - 2 scrolls of teleportation
 u - a scroll of fear {unknown}
 v - a scroll of remove curse
 x - 5 scrolls of identify {unknown}
 B - a scroll of silence {unknown}
Potions
 b - a potion of heal wounds {unknown}
 c - a potion of lignification
 e - a potion of curing
 f - 5 potions of brilliance
 j - 2 potions of flight {unknown}
 l - a potion of mutation {unknown}
 n - a potion of degeneration {unknown}
 r - a potion of might {unknown}
 t - 2 potions of ambrosia {unknown}
 z - 2 potions of magic {unknown}
 A - a potion of resistance {unknown}
Comestibles
 d - 5 rations


   Skills:
 + Level 1.4 Fighting
 + Level 2.8 Short Blades
 + Level 3.9 Dodging
 + Level 4.3 Stealth
 * Level 3.0 Shields
 + Level 9.1 Spellcasting
 * Level 4.7 Conjurations
 + Level 4.1 Summonings
   Level 1.1 Translocations
 * Level 3.2 Invocations
 + Level 0.8 Evocations


You had 22 spell levels left.
You knew the following spells:

 Your Spells              Type           Power        Failure   Level  Hunger
a - Magic Dart            Conj           ####         1%          1    None
b - Call Imp              Summ           ####....     1%          2    None

Your spell library contained the following spells:

 Spells                   Type           Power        Failure   Level  Hunger
 Confusing Touch          Hex            ##....       5%          1    None
 Blink                    Tloc           N/A          5%          2    None
 Conjure Flame            Conj/Fire      ###.....     6%          3    None
 Slow                     Hex            ##......     9%          2    None
 Mephitic Cloud           Conj/Pois/Air  ###.....     9%          3    None
 Gell's Gravitas          Tloc           ###.......   11%         3    None
 Confuse                  Hex            ##......     17%         3    None
 Petrify                  Tmut/Erth      ##......     50%         4    #......
 Metabolic Englaciation   Hex/Ice        ##........   83%         5    ####...
 Yara's Violent Unravell  Hex/Tmut       ##........   83%         5    ####...


Dungeon Overview and Level Annotations

Branches:
Dungeon (6/15)             Temple (0/1) D:6

Altars:
Kikubaaqudgha
Makhleb
Nemelex Xobeh
Okawaru
Ru
Vehumet
Zin

Shops:
D:4 (

Annotations:
D:5 1 runed translucent door


Message History

You barely miss the bullfrog.
The bullfrog is almost dead.
The bullfrog misses you.
Your iron imp hits the bullfrog.
Unknown command.
You hit the bullfrog.
You kill the bullfrog!
Okawaru accepts your kill.
Unknown command.
Casting: Call Imp (safe; 1% risk of failure)
Confirm with . or Enter, or press ? or * to list all spells.
A beastly little devil appears in a puff of frigid air.
The ogre hits your iron imp with a +0 giant spiked club!
Your iron imp dies!
Unknown command.
Casting: Call Imp (safe; 1% risk of failure)
Confirm with . or Enter, or press ? or * to list all spells.
A beastly little devil appears in a puff of frigid air.
The ogre hits you with a +0 giant spiked club!!
Ouch! That really hurt!
You die...

#. ... .. #.# .....
#.# ..#. ###.### ...
####### ..
#####⌠.⌠####### .#
h.h.+.>.'....5#####.#
##⌠.⌠#####5@O....#
###'### #######†#
###.### .# #.# .#
#.#### .# #.##(# ..
#....# ## ### ####.#
##.. #.# ##.#.


You could see an ogre and 2 friendly white imps.

Vanquished Creatures
  A sky beast (D:6)
  An ogre (D:4)
  A centaur (D:5)
  Blork the orc (D:5)
  2 bullfrogs (D:6)
  A howler monkey (D:4)
  3 crimson imps
  A centaur zombie (Ossuary)
  A hound (D:5)
  A human zombie (Ossuary)
  2 centaur skeletons
  A bullfrog skeleton (D:5)
  3 worker ants
  A big kobold zombie (Ossuary)
  A mummy (Ossuary)
  Robin (D:2)
  2 river rats (Sewer)
  3 adders
  4 worms (D:2)
  4 dart slugs
  4 leopard geckos
  6 orcs
  10 bats
  8 giant cockroaches
  10 goblins
  13 hobgoblins
  14 jackals
  A quokka (D:3)
  6 ball pythons
  14 frilled lizards
  A goblin zombie (Ossuary)
  4 hobgoblin zombies (Ossuary)
  7 kobolds
  4 kobold zombies (Ossuary)
  A leopard gecko skeleton (D:6)
  3 orc zombies (Ossuary)
  13 rats
154 creatures vanquished.

Vanquished Creatures (collateral kills)
  Pikel (D:5)
  4 ogres
  A necrophage (D:5)
  An elf zombie (Ossuary)
  A centaur zombie (Ossuary)
  A human zombie (Ossuary)
  2 big kobold zombies (Ossuary)
  A mummy (Ossuary)
  3 adders (D:3)
  A river rat (Sewer)
  An adder zombie (Ossuary)
  An orc (D:3)
  A giant cockroach (D:3)
  7 hobgoblin zombies (Ossuary)
  3 kobold zombies (Ossuary)
  5 orc zombies (Ossuary)
34 creatures vanquished.

Vanquished Creatures (others)
  A crimson imp (D:5)
1 creature vanquished.

Grand Total: 189 creatures vanquished

Notes
Turn   | Place    | Note
-------+----------+-------------------------------------------
     0 | D:1      | Morbidden the Deep Elf Wizard began the quest for the Orb.
     0 | D:1      | Reached XP level 1. HP: 10/10 MP: 7/7
   247 | D:1      | Reached XP level 2. HP: 15/15 MP: 7/9
   398 | D:1      | Reached skill level 5 in Spellcasting
   863 | D:1      | Reached XP level 3. HP: 13/19 MP: 2/11
  1787 | D:2      | Noticed Robin
  1954 | D:2      | Killed Robin
  1954 | D:2      | Reached XP level 4. HP: 24/24 MP: 7/13
  2028 | D:2      | Found an ancient bone altar of Kikubaaqudgha.
  2068 | D:2      | Learned a level 2 spell: Call Imp
  2430 | D:2      | Found an iron altar of Okawaru.
  2509 | D:2      | Became a worshipper of Warmaster Okawaru
  2785 | D:3      | Reached XP level 5. HP: 14/28 MP: 9/15
  2828 | D:3      | Found a glowing drain.
  2860 | Sewer    | Entered a sewer
  3136 | Sewer    | Reached skill level 6 in Spellcasting
  3153 | Sewer    | Reached skill level 1 in Shields
  3920 | D:3      | Found a radiant altar of Vehumet.
  3994 | D:3      | Reached skill level 1 in Invocations
  4063 | D:4      | Noticed an ogre
  4348 | D:4      | Killed an ogre
  4348 | D:4      | Reached XP level 6. HP: 33/33 MP: 17/17
  4783 | D:4      | Reached * piety under Okawaru
  4783 | D:4      | Reached skill level 1 in Short Blades
  4815 | D:4      | Found Nedexzir's Weapon Shop.
  4958 | D:4      | Reached skill level 1 in Fighting
  5325 | D:5      | Entered Level 5 of the Dungeon
  5400 | D:4      | Reached XP level 7. HP: 36/38 MP: 5/19
  5489 | D:5      | Found a burning altar of Makhleb.
  5571 | D:5      | Found a sand-covered staircase.
  5581 | Ossuary  | Entered an ossuary
  5750 | Ossuary  | Reached skill level 7 in Spellcasting
  6060 | Ossuary  | Reached ** piety under Okawaru
  6247 | D:5      | Noticed Pikel
  6285 | D:5      | Killed Pikel
  6285 | D:5      | Reached skill level 8 in Spellcasting
  6285 | D:5      | Reached XP level 8. HP: 37/43 MP: 11/22
  6330 | D:5      | Noticed Blork the orc
  6359 | D:5      | Killed Blork the orc
  6631 | D:5      | Reached *** piety under Okawaru
  6706 | D:5      | Found a glowing silver altar of Zin.
  6706 | D:5      | Noticed an angel
  6707 | D:5      | Found a runed translucent door.
  6773 | D:5      | Found a sparkling altar of Nemelex Xobeh.
  6807 | D:5      | Found a sacrificial altar of Ru.
  7089 | D:6      | Reached skill level 9 in Spellcasting
  7192 | D:6      | Found a staircase to the Ecumenical Temple.
  7231 | D:6      | Mangled by an ogre

Levels and vault maps discovered:
D:1:      lemuel_arrival_lava_pool, layout_basic
D:2:      layout_loops_corners, kiku_gazebo_garden_becter,
          okawaru_metal_pillars_1_2, uniq_robin
D:3:      layout_loops_cross, lemuel_coloured_pillars_altar,
          gup_sewer_entry_pipe, hangedman_decor_growths
D:4:      layout_cave_pods, serial_park, serial_park_square2, serial_shops, shop
D:5:      layout_gridville, lemuel_crystal_altar,
          nicolae_overflow_hidden_temple, lemuel_round_altar, first_ration,
          lightli_ossuary_entry_decrepit_ruins, lemuel_angel_altar, uniq_pikel,
          uniq_blork_the_orc
D:6:      layout_loops_ring, temple_doors_e, kennysheep_windowed_goal
Sewer:    sewer_co_cracked_pipes
Ossuary:  ossuary_tomb_1

Skill      XL: |  1  2  3  4  5  6  7  8 |
---------------+-------------------------+-----
Spellcasting   | 5 6 8 9 |  9.1
Conjurations   | 2 3 4 |  4.7
Stealth        | 3 4 |  4.3
Shields        | 1 2 3 |  3.0
Invocations    | 1 2 3 |  3.2
Dodging        | 3 |  3.9
Short Blades   | 1 2 |  2.8
Fighting       | 1 |  1.4
Summonings     | 2 4 |  4.1
Translocations | |  1.1
Evocations     | |  0.8

Action                   |  1- 3 |  4- 6 |  7- 9 || total
-------------------------+-------+-------+-------++-------
Melee: Dagger            |    35 |   120 |   198 ||   353
 Cast: Magic Dart        |    88 |   114 |    36 ||   238
       Call Imp          |       |    20 |    55 ||    75
Invok: Heroism           |       |       |     2 ||     2
Evoke: Wand              |     3 |     7 |     8 ||    18
  Use: Scroll            |       |     5 |     2 ||     7
       Potion            |       |       |     5 ||     5
 Stab: Paralysed         |     4 |     2 |       ||     6
       Sleeping          |     1 |     7 |     3 ||    11
       Distracted        |       |       |     4 ||     4
  Eat: Chunk             |     2 |     8 |     1 ||    11
       Ration            |       |     1 |     1 ||     2
Armor: Robe              |     3 |    38 |    61 ||   102
       Skin              |       |       |    39 ||    39
Dodge: Dodged            |    23 |    79 |   117 ||   219
Block: Buckler           |     7 |    24 |    54 ||    85

Table legend:
 A = Non-vault XP
 B = Vault XP
 C = Vault XP percentage of total XP
 D = Non-vault monster count
 E = Vault monster count
 F = Vault count percentage of total count
                 A         B        C        D         E       F
            +---------+---------+-------+---------+---------+-------
      Total |    1472 |    1038 |  41.4 |     114 |      74 |  39.4
            +---------+---------+-------+---------+---------+-------
        D:1 |      45 |       0 |   0.0 |      20 |       0 |   0.0
        D:2 |      75 |      28 |  27.2 |      28 |       7 |  20.0
        D:3 |     102 |      12 |  10.5 |      37 |       5 |  11.9
        D:4 |     398 |       0 |   0.0 |       8 |       0 |   0.0
        D:5 |     521 |     659 |  55.8 |      15 |       2 |  11.8
        D:6 |     331 |       0 |   0.0 |       6 |       0 |   0.0
      Sewer |       0 |      55 | 100.0 |       0 |      22 | 100.0
    Ossuary |       0 |     284 | 100.0 |       0 |      38 | 100.0
            +---------+---------+-------+---------+---------+-------
